 Dungeon Crawl Stone Soup version 0.29-a0-284-gf9362112df (webtiles) character file.

Game seed: 9979251748384550506

1999 Dabor the Cudgeller (level 9, -3/88 HPs)
             Began as a Troll Fighter on Mar 15, 2022.
             Slain by a vampire (8 damage)
             ... on level 8 of the Dungeon.
             The game lasted 00:15:38 (5351 turns).

Dabor the Cudgeller (Troll Fighter)                 Turns: 5351, Time: 00:15:38

Health: -3/88      AC:  6    Str: 36    XL:     9   Next: 2%
Magic:  8/8        EV:  9    Int:  4    God:
Gold:   366        SH:  9    Dex:  9    Spells: 8/8 levels left

rFire   . . .      SeeInvis .   A - +2 morningstar
rCold   . . .      Faith    .   l - +1 kite shield
rNeg    . . .      Spirit   .   b - +0 robe
rPois   .          Reflect  .   (helmet restricted)
rElec   .          Harm     .   o - +1 cloak
rCorr   .          Rampage  .   (gloves unavailable)
Will    .....                   (boots unavailable)
Stlth   +.........              i - amulet of the acrobat
HPRegen 1.04/turn               u - +6 ring of strength
MPRegen 0.11/turn               (no ring)

@: studying Fighting
A: large, unfitting armour, claws 3, regeneration 1, shaggy fur 1, tough skin 1
a: no special abilities


You were on level 8 of the Dungeon.
You visited 1 branch of the dungeon, and saw 8 of its levels.

You collected 388 gold pieces.
You spent 22 gold pieces at shops.

Inventory:

Hand Weapons
 a - a +0 flail
 s - a +1 whip of draining
 z - a +1 vorpal flail
 A - a +2 morningstar (weapon)
 D - a +4 flail
Missiles
 d - 18 poisoned darts (quivered)
 v - 3 throwing nets
Armour
 b - a +0 robe (worn)
 l - a +1 kite shield (worn)
 o - a +1 cloak (worn)
Jewellery
 i - an amulet of the acrobat (around neck)
 u - a +6 ring of strength (left claw)
 x - an amulet of guardian spirit
 C - a ring of fire
Wands
 e - a wand of paralysis (13)
 q - a wand of digging (2)
 t - a wand of flame (38)
 F - a wand of acid (8)
Scrolls
 c - 2 scrolls of summoning
 f - 4 scrolls of teleportation
 g - 3 scrolls of fear
 k - 2 scrolls of immolation
 m - a scroll of amnesia
 n - a scroll of magic mapping
 y - a scroll of fog
 B - a scroll of blinking
Potions
 h - 2 potions of flight
 j - a potion of brilliance {unknown}
 p - a potion of lignification {unknown}
 r - 2 potions of haste {unknown}
 E - a potion of invisibility {unknown}


   Skills:
 + Level 5.5 Fighting
 * Level 5.8 Maces & Flails
 + Level 3.2 Throwing
 - Level 2.0 Armour
 + Level 5.0 Dodging
 + Level 5.0 Shields


You had 8 spell levels left.
You didn't know any spells.
Your spell library contained the following spells:

 Spells                   Type           Power      Damage    Failure   Level
 Blink                    Tloc           0%         N/A       88%         2
 Confusing Touch          Hex            0%         N/A       98%         3
 Lesser Beckoning         Tloc           0%         N/A       98%         3
 Manifold Assault         Tloc           0%         N/A       100%        5
 Yara's Violent Unravell  Hex/Tmut       0%         3d3       100%        5
 Enfeeble                 Hex            0%         N/A       100%        7


Dungeon Overview and Level Annotations

Branches:
Dungeon (8/15)             Temple (0/1) D:6
   Lair: D:8-11

Altars:
Sif Muna

Shops:
D:6 *


Innate Abilities, Weirdness & Mutations

You are too large for most types of armour.
You have claws for hands.
Your natural rate of healing is unusually fast.
You are covered in fur. (AC +1)
You have tough skin. (AC +1)


Message History

The vampire mumbles some strange words.
The vampire flickers and vanishes!
Deactivating autopickup; reactivate with Ctrl-A.
You block the jelly's attack.
You bludgeon the jelly!!
You kill the jelly!
No target in view!
No target in view!
No target in view!
There is a stone staircase leading down here.
You block something's attack. Something misses you.
There is a stone staircase leading down here.
You block something's attack. Something barely misses you.
Something closely misses you. Something misses you. Something hits you!
Something bites you but does no damage. Something misses you.
Something bites you!
Something draws strength from your injuries!
You block something's attack. Something bites you!
Something draws strength from your injuries!
You thump something! Something hits you.
Something bites you but does no damage. Something hits you but does no damage.
Something bites you.
Something draws strength from your injuries!
You barely miss something. Something hits you! Something bites you!
Something draws strength from your injuries!
You miss something. Something hits you. Something bites you.
Something draws strength from your injuries!
You puncture something! Something hits you! Something bites you!
* * * LOW HITPOINT WARNING * * *
Something draws strength from your injuries!
Something hits you.
* * * LOW HITPOINT WARNING * * *
Something bites you but does no damage.
You hit something but do no damage. Something hits you!
* * * LOW HITPOINT WARNING * * *
Something bites you.
* * * LOW HITPOINT WARNING * * *
Something draws strength from your injuries!
You puncture something! Something hits you!
You die...

#.#.#.####.......#
###.#.#....'....!..#
+.......####.......#
###.#.#.# #.......#
#.#.#.# #.......# #
#.#.# #.......#
#.#.# #.......#
#.#.# #########
#@#.. #.### #.. ####


There were no monsters in sight!

Vanquished Creatures
  A water moccasin (D:7)
  2 orc warriors (D:7)
  A sky beast (D:6)
  An ice beast (D:5)
  2 centaurs (D:4)
  2 kobold brigands
  4 scorpions
  5 wights
  2 howler monkeys (D:5)
  3 jellies
  3 hounds
  3 orc priests
  Ijyb (D:4)
  2 iguanas
  3 orc wizards
  5 adders
  2 gnolls
  2 shadow imps
  An ufetubus (D:6)
  A worm (D:4)
  20 orcs
  8 bats
  12 endoplasms
  7 giant cockroaches
  6 goblins
  13 hobgoblins
  10 jackals
  3 quokkas
  9 ball pythons
  6 frilled lizards
  16 kobolds
  6 rats
  A spectral goblin (D:3)
163 creatures vanquished.

Vanquished Creatures (others)
  An orc wizard (D:5)
1 creature vanquished.

Grand Total: 164 creatures vanquished

Notes
Turn   | Place    | Note
-------+----------+-------------------------------------------
     0 | D:1      | Dabor the Troll Fighter began the quest for the Orb.
     0 | D:1      | Reached XP level 1. HP: 22/22 MP: 0/0
     9 | D:1      | Reached XP level 2. HP: 23/29 MP: 1/1
   194 | D:1      | Reached XP level 3. HP: 36/36 MP: 2/2
  1010 | D:2      | Reached XP level 4. HP: 45/45 MP: 3/3
  1333 | D:3      | Found a faded altar of an unknown god.
  1955 | D:3      | Prayed at the altar of an unknown god.
  1955 | D:3      | Became a worshipper of Sif Muna the Loreminder
  1955 | D:3      | Reached * piety under Sif Muna
  1956 | D:3      | Fell from the grace of Sif Muna
  2040 | D:4      | Reached XP level 5. HP: 48/53 MP: 4/4
  2068 | D:4      | Noticed a centaur
  2096 | D:4      | Killed a centaur
  2103 | D:4      | HP: 1/53 [gnoll/+0 halberd (12)]
  2127 | D:4      | Reached skill level 1 in Throwing
  2127 | D:4      | Reached XP level 6. HP: 19/61 MP: 5/5
  2228 | D:4      | Reached skill level 1 in Armour
  2459 | D:4      | Noticed Ijyb
  2475 | D:4      | Killed Ijyb
  2541 | D:5      | Entered Level 5 of the Dungeon
  2691 | D:5      | Reached XP level 7. HP: 66/68 MP: 6/6
  3772 | D:6      | Reached XP level 8. HP: 66/79 MP: 7/7
  4249 | D:6      | Found Tyvacoif's General Store.
  4252 | D:6      | Bought a scroll of identify for 22 gold pieces
  4486 | D:6      | Found a staircase to the Ecumenical Temple.
  4537 | D:7      | Reached skill level 5 in Fighting
  4537 | D:7      | Reached skill level 5 in Maces & Flails
  5123 | D:7      | Was forgiven by Sif Muna
  5185 | D:7      | Reached skill level 5 in Dodging
  5196 | D:7      | Reached skill level 5 in Shields
  5206 | D:7      | Reached XP level 9. HP: 69/88 MP: 8/8
  5350 | D:8      | HP: 3/88 [something (3)]
  5351 | D:8      | Slain by a vampire

Illustrated notes

Levels and vault maps discovered:
D:1:      dreamdust_arrival_beginning_and_end, layout_rooms
D:2:      layout_rooms, fountainhead
D:3:      layout_loops_ring, dreamdust_ecumenical_altar_drowned_temple,
          chequers_garden
D:4:      layout_basic, minmay_manual_mess, uniq_ijyb
D:5:      layout_basic
D:6:      layout_gridville, minmay_temple_entry_fiery, serial_shops,
          nicolae_shop_behind_doors, dk_noncrumbling_4, minmay_splitting_lines,
          grunt_ministairs_7
D:7:      layout_rooms, minmay_between
D:8:      layout_basic

Skill      XL: |  1  2  3  4  5  6  7  8 |
---------------+-------------------------+-----
Maces & Flails | 2 3 4 5 |  5.8
Fighting       | 3 4 5 |  5.5
Dodging        | 3 4 5 |  5.0
Shields        | 3 4 5 |  5.0
Throwing       | 1 2 3 |  3.2
Armour         | 1 2 |  2.0

Action                   |  1- 3 |  4- 6 |  7- 9 || total
-------------------------+-------+-------+-------++-------
Melee: Flail             |   154 |    97 |    17 ||   268
       Whip              |       |   109 |    95 ||   204
       Morningstar       |       |       |   162 ||   162
Throw: Dart              |       |       |    39 ||    39
Invok: Renounce Religion |       |     1 |       ||     1
  Use: Scroll            |     4 |     1 |     9 ||    14
       Potion            |       |     5 |     2 ||     7
 Stab: Sleeping          |     2 |       |       ||     2
Armor: Robe              |    83 |    77 |   102 ||   262
Dodge: Dodged            |    74 |   134 |   102 ||   310
Block: Kite shield       |   119 |    89 |   135 ||   343

Table legend: (Time is in decaauts)
 A = Elapsed time spent in this place.
 B = Non-inter-level travel time spent in this place.
 C = Inter-level travel time spent in this place.
 D = Time resting spent in this place.
 E = Time spent auto-exploring this place.
 F = Levels seen in this place.
 G = Mean time per level.
                   A        B        C        D        E       F      G
               +--------+--------+--------+--------+--------+-----+--------+
         Total |   5536 |   5173 |    363 |     96 |   3312 |   8 |  692.0 |
       Dungeon |   5536 |   5173 |    363 |     96 |   3312 |   8 |  692.0 |
               +--------+--------+--------+--------+--------+-----+--------+

Top non-repeatable levels by time:
     D:5: 1120 daAuts
     D:6: 898 daAuts
     D:3: 890 daAuts
     D:7: 764 daAuts
     D:2: 633 daAuts
     D:1: 598 daAuts
     D:4: 537 daAuts
     D:8: 94 daAuts
